 Dungeon Crawl Stone Soup version 0.17-a0-1368-g6ab37f2 (webtiles) character file.

164170 nuthulu the Impregnable (level 17, -1/108 HPs)
             Began as a Gargoyle Fighter on June 12, 2015.
             Was the Champion of Okawaru.
             Killed from afar by a Hell Sentinel (27 damage)
             ... with a blast of hellfire
             ... summoned by a deep elf demonologist
             ... on level 3 of the Elven Halls.
             The game lasted 02:17:27 (30145 turns).

nuthulu the Impregnable (Gargoyle Fighter)         Turns: 30145, Time: 02:17:27

Health: -1/108     AC: 54    Str: 26    XL:     17   Next: 85%
Magic:  0/26       EV:  7    Int:  9    God:    Okawaru [******]
Gold:   577        SH: 18    Dex:  9    Spells: 0 memorised, 16 levels left

rFire  . . .     SeeInvis .     J - +6 shillelagh "Devastator" {shatter}
rCold  . . .     Clarity  +     W - +3 crystal plate armour
rNeg   + + +     SustAt   .     c - +4 shield
rPois  ∞         Gourm    .     O - +1 hat {Spirit}
rElec  +         Spirit   +     Z - +1 cloak {rPois}
rCorr  +         Warding  .     N - +0 pair of gloves {archery}
rMut   +         Stasis   .     F - +3 pair of boots of Impermeability {rElec rN+ rCorr Dex-3}
MR     +++..                    Y - amulet of Gutz {rMut rPois MR+ MP+9 Dex+2}
Stlth  ..........               l - ring of positive energy
                                M - ring of protection from magic

@: extremely resistant to hostile enchantments, extremely unstealthy
A: antennae 1, big wings, blink 1, blurry vision 1, clarity, mutation resistance
1, negative energy resistance 1, electricity resistance, spit poison 1,
unbreathing, petrification resistance, rot immunity, AC +12
a: Spit Poison, Fly, Blink, Heroism, Finesse, Renounce Religion


You were on level 3 of the Elven Halls.
You worshipped Okawaru.
Okawaru was exalted by your worship.
You were not hungry.

You visited 5 branches of the dungeon, and saw 29 of its levels.
You visited 1 bazaar.

You collected 3398 gold pieces.
You spent 2821 gold pieces at shops.

Inventory:

Hand weapons
 J - the +6 shillelagh "Devastator" (weapon) {shatter}
   (You found it on level 8 of the Dungeon)
 P - the +7 morningstar "Zizijoask" {freeze, MR+ Int+3}
   (You bought it in a shop in a bazaar)

   It has been specially enchanted to freeze those struck by it, causing extra
   injury to most foes and up to half again as much damage against particularly
   susceptible opponents.
   It can also slow down cold-blooded creatures.
   It affects your intelligence (+3).
   It affects your resistance to hostile enchantments.
 U - a +2 demon whip of draining
Missiles
 E - 5 throwing nets (quivered)
Armour
 c - a +4 shield (worn)
 y - a +0 hat of magic resistance
 z - the +1 plate armour of Vyab {*Confuse rPois MR+++ Dex+3}
   (You bought it in a shop on level 4 of the Orcish Mines)

   It affects your dexterity (+3).
   It protects you from poison.
   It affects your resistance to hostile enchantments.
   It may confuse you when you take damage.
 F - the +3 pair of boots of Impermeability (worn) {rElec rN+ rCorr Dex-3}
   (You found it on level 3 of the Elven Halls)

   It affects your dexterity (-3).
   It insulates you from electricity.
   It protects you from negative energy.
   It protects you from acid and corrosion.
 N - a +0 pair of gloves of archery (worn)
 O - a +1 hat of spirit shield (worn)
 W - a +3 crystal plate armour (worn)
 Z - a +1 cloak of poison resistance (worn)
Jewellery
 l - a ring of positive energy (right hand)
 L - an uncursed ring of magical power
 M - a ring of protection from magic (left hand)
 X - an uncursed ring of protection from cold
 Y - the amulet of Gutz (around neck) {rMut rPois MR+ MP+9 Dex+2}
   (You bought it in a shop on level 1 of the Orcish Mines)

   [amulet of resist mutation]

   It protects you from mutation.
   It affects your dexterity (+2).
   It protects you from poison.
   It affects your resistance to hostile enchantments.
   It affects your magic capacity (+9).
Magical devices
 a - a wand of disintegration (5)
 f - a wand of polymorph (24)
 s - a wand of enslavement (15)
 v - a wand of invisibility (5)
 A - a wand of paralysis (14)
 H - a wand of polymorph (9)
 K - a wand of fire (7)
 Q - a wand of paralysis (15)
Scrolls
 b - 3 scrolls of blinking
 d - 2 scrolls of enchant weapon
 h - 6 scrolls of amnesia
 i - 13 scrolls of remove curse
 k - 7 scrolls of teleportation
 p - 9 scrolls of identify
 t - a scroll of noise
 w - 4 scrolls of recharging
 B - 2 scrolls of fear
 D - 2 scrolls of fog
 I - a scroll of holy word
 S - a scroll of silence
Potions
 g - 3 potions of cancellation
 m - 4 potions of flight
 o - 8 potions of curing
 q - 6 potions of brilliance
 u - 3 potions of magic
 x - 2 potions of agility
 C - a potion of invisibility
 R - a potion of might
 T - 2 potions of heal wounds
 V - a potion of haste
Comestibles
 e - 13 bread rations
 j - 10 meat rations
 n - 9 beef jerkies
 G - 8 fruits


   Skills:
 * Level 12.8 Fighting
 - Level 14.0 Maces & Flails
 * Level 22.1 Armour
 - Level 15.2 Shields


You had 16 spell levels left.
You didn't know any spells.

Dungeon Overview and Level Annotations

Branches:
Dungeon (13/15)            Temple (1/1) D:4            Lair (8/8) D:11
 Shoals (0/4) Lair:6        Snake (0/4) Lair:4        Slime (0/6) Lair:8
    Orc (4/4) D:11            Elf (3/3) Orc:3
 Vaults: D:13-14

Altars:
Ashenzari
Cheibriados
Dithmenos
Elyvilon
Fedhas
Gozag
Kikubaaqudgha
Makhleb
Nemelex Xobeh
Okawaru
Qazlal
Ru
Trog
Xom
Yredelemnul
The Shining One
Beogh
Jiyva

Shops:
D:4 %   Orc:1 =   Orc:2 ((   Orc:3 [   Orc:4 [=*(   Elf:3 (


Innate Abilities, Weirdness & Mutations

You are resistant to torment.
Your stone body is resilient (AC +12).
You are immune to poison.
Your large and strong wings let you fly indefinitely.
You resist negative energy.
You are resistant to electric shocks.
You can survive without breathing.
You are immune to petrification.
You are immune to rotting.
You have a pair of small antennae on your head.
You can translocate small distances at will.
Scrolls take you a little longer to read.
You possess an exceptional clarity of mind.
You are somewhat resistant to further mutation.
You can spit weak poison.


Message History

The Hell Sentinel completely resists.
The bolt of cold hits you!
A deep elf knight and a deep elf demonologist come into view.
Read which item? (? for menu, Esc to quit)
Okay, then.
Drink which item? (? for menu, Esc to quit)
Okay, then.
Use which ability? (? or * to list)
You blink.
You feel slightly more hungry.
You close the door.
You start resting.
Something unseen opens the door.
The deep elf knight gestures wildly while chanting.
The deep elf knight seems to speed up.
The Hell Sentinel gestures at you.
The hellfire explodes!
The blast of hellfire engulfs you!
* * * LOW HITPOINT WARNING * * *
The deep elf demonologist gestures wildly while chanting.
The Hell Sentinel gestures at you.
The hellfire explodes!
The blast of hellfire engulfs you!
You die...

....≈≈#..)...# ....≈≈#..#...#
....≈≈#).#...# ....≈≈#..#...#
....≈≈#..#...# # ....≈≈#..#...#
e#
.)..≈≈#..#...##################e#
...≈≈≈#''##.....)....#e...e.#....
.).≈≈##...##....@..111e3...[#....
.)≈≈##.... ##.......}#..4).))1..e
.)≈≈# #######'######'#####' #.≈≈#
..... ..... ')≈≈#
................ #.≈≈##
###################### #..≈≈##
##≈≈≈≈≈≈≈≈≈≈≈≈≈≈≈≈≈≈≈≈≈
#..≈≈≈#####≈≈≈≈≈≈≈≈≈≈≈≈≈≈≈≈≈≈≈≈≈≈
##..≈≈≈≈≈≈≈≈≈....................


You could see a Hell Sentinel, 2 Shadow Fiends, an ice devil, a deep elf
demonologist and a deep elf knight.

Vanquished Creatures
  Nikola (Elf:2)
  Rupert (Lair:7)
  4 deep elf blademasters
  A deep elf master archer (Elf:3)
  Gastronok (D:10)
  Maud (Lair:7)
  An orc warlord (Orc:4)
  6 deep elf sorcerers
  2 deep elf demonologists (Elf:3)
  Nessos (Lair:8)
  The ghost of Raurakos the Grappler, a powerful VSTm of Makhleb (Orc:4)
  The ghost of 4thArraOfDagon the Corrupter of Planes, a powerful NaAK of Lugonu (Orc:4)
  9 deep elf annihilators
  2 deep elf death magi
  Josephine (D:11)
  2 deep elf high priests (Elf:3)
  7 hydras
  Fannar (D:11)
  2 centaur warriors
  4 catoblepae
  12 dancing weapons (Elf:2)
  15 death yaks
  A tengu warrior (D:13)
  3 orc high priests
  The ghost of patman2 the Grappler, an experienced TrMo of Cheibriados (Lair:4)
  18 deep elf knights
  A fire crab (Lair:6)
  An unseen horror (D:11)
  10 deep elf summoners
  3 hill giants
  An orc knight (Orc:4)
  15 deep elf conjurers
  7 orc sorcerers
  2 griffons (Lair:8)
  A cyclops (D:11)
  4 ugly things
  4 black mambas
  The ghost of nuthulu the Blocker, an experienced GrFi of Okawaru (D:6)
  13 spiny frogs
  9 elephants (Lair:8)
  2 torpor snails
  A gargoyle (D:11)
  9 komodo dragons
  2 fire drakes
  2 tengu conjurers
  18 deep elf priests
  6 trolls
  A two-headed ogre (Orc:4)
  9 slime creatures
  A spriggan (Lair:8)
  A trapdoor spider (shapeshifter) (Elf:3)
  23 blink frogs
  A shadow (D:13)
  6 wraiths
  30 deep elf magi
  51 yaks
  A vampire (D:13)
  A wyvern (Lair:5)
  10 hippogriffs
  Grum (D:8)
  A hungry ghost (D:10)
  3 vampire mosquitoes (D:13)
  25 wolves
  2 basilisks
  A warg (Orc:4)
  21 deep elf fighters
  17 water moccasins
  A soldier ant (shapeshifter) (Elf:2)
  A warg (shapeshifter) (Elf:1)
  2 nagas (Lair:4)
  2 phantoms
  4 ice beasts
  18 porcupines
  38 orc warriors
  3 black bears
  2 wasps
  An eye of draining (D:9)
  19 ogres
  A necrophage (D:9)
  3 sky beasts
  14 crocodiles
  10 centaurs
  A gnoll sergeant (D:11)
  17 giant frogs
  A wyvern skeleton (D:9)
  3 scorpions
  2 electric eels (Elf:3)
  10 wights (D:10)
  2 quasits (D:9)
  9 killer bees
  6 crimson imps
  3 giant frog skeletons
  6 hounds
  28 orc wizards
  20 orc priests
  Jessica (D:2)
  10 iguanas
  11 worker ants
  17 sheep
  A killer bee zombie (D:9)
  A hound zombie (D:6)
  2 worker ant zombies (D:7)
  Robin (D:2)
  37 river rats
  17 adders
  7 gnolls
  3 shadow imps
  2 adder skeletons (D:4)
  An adder zombie (D:7)
  2 oozes
  3 worms
  3 giant geckos
  155 orcs
  A ball python (D:1)
  A bat skeleton (D:4)
  4 giant cockroaches
  34 goblins
  17 hobgoblins
  13 kobolds
  6 quokkas
  14 bats
  5 giant newts
  A quokka skeleton (D:4)
  18 rats
  2 bushes
  5 fungi
  7 plants
1046 creatures vanquished.

Vanquished Creatures (collateral kills)
  A komodo dragon (Lair:6)
1 creature vanquished.

Vanquished Creatures (others)
  A deep elf knight (Elf:3)
  A wizard (D:6)
  A fire drake (Lair:6)
  A deep elf priest (Elf:2)
  A deep elf fighter (Elf:2)
  2 fungi
  20 plants
  12 toadstools (Lair:4)
39 creatures vanquished.

Grand Total: 1086 creatures vanquished

Notes
Turn   | Place    | Note
--------------------------------------------------------------
     0 | D:1      | nuthulu the Gargoyle Fighter began the quest for the Orb.
     0 | D:1      | Reached XP level 1. HP: 14/14 MP: 1/1
   330 | D:1      | Reached XP level 2. HP: 19/19 MP: 2/2
   424 | D:1      | Found a glowing golden altar of the Shining One.
   914 | D:2      | Reached skill level 4 in Fighting
   914 | D:2      | Reached XP level 3. HP: 24/24 MP: 3/3
  1067 | D:2      | Noticed Robin
  1139 | D:2      | Killed Robin
  1278 | D:2      | Reached XP level 4. HP: 27/30 MP: 4/4
  1491 | D:2      | Found a sparkling altar of Nemelex Xobeh.
  1544 | D:2      | Noticed Jessica
  1551 | D:2      | Killed Jessica
  1583 | D:2      | Reached XP level 5. HP: 34/34 MP: 5/5
  1850 | D:3      | Reached skill level 5 in Fighting
  1869 | D:2      | HP: 1/35 [worm (2)]
  1871 | D:2      | Gained mutation: You can spit weak poison. [potion of mutation]
  1871 | D:2      | Gained mutation: You can translocate small distances at will. [potion of mutation]
  1871 | D:2      | Gained mutation: You have a pair of small antennae on your head. [potion of mutation]
  2651 | D:3      | Reached XP level 6. HP: 36/40 MP: 6/6
  2774 | D:3      | Found a basalt altar of Yredelemnul.
  2779 | D:3      | Found an opulent altar of Gozag.
  2792 | D:3      | Found an ancient bone altar of Kikubaaqudgha.
  3120 | D:4      | Found a staircase to the Ecumenical Temple.
  3139 | D:4      | Reached skill level 5 in Maces & Flails
  3145 | D:4      | Reached XP level 7. HP: 35/44 MP: 7/7
  3151 | D:4      | Reached skill level 5 in Armour
  3330 | Temple   | Entered the Ecumenical Temple
  3412 | Temple   | Became a worshipper of Warmaster Okawaru
  3775 | D:4      | Reached skill level 6 in Maces & Flails
  4056 | D:4      | Found Afoif's Food Boutique.
  4059 | D:4      | Bought a meat ration for 65 gold pieces
  4059 | D:4      | Bought a meat ration for 65 gold pieces
  4241 | D:5      | Entered Level 5 of the Dungeon
  4420 | D:5      | Acquired Okawaru's first power
  4420 | D:5      | Reached XP level 8. HP: 49/49 MP: 8/8
  4486 | D:5      | Got a faintly humming robe
  4497 | D:5      | Identified the +2 robe of Pessimism {rC- Regen+ Slay+3} (You found it on level 5 of the Dungeon)
  4884 | D:5      | Found a shimmering altar of Xom.
  4935 | D:5      | Found a blossoming altar of Fedhas.
  5067 | D:5      | Reached skill level 7 in Maces & Flails
  5632 | D:6      | Found a bloodstained altar of Trog.
  5634 | D:6      | Noticed a wizard
  5639 | D:6      | Killed a wizard
  5655 | D:6      | Reached skill level 8 in Armour
  5714 | D:6      | Noticed nuthulu's ghost (experienced GrFi)
  5731 | D:6      | Killed nuthulu's ghost
  5731 | D:6      | Reached XP level 9. HP: 41/54 MP: 9/9
  5858 | D:6      | Gained mutation: You possess an exceptional clarity of mind. [mutagenic meat]
  6018 | D:6      | Reached skill level 9 in Armour
  6038 | D:6      | Found a snail-covered altar of Cheibriados.
  6710 | D:7      | Found a sparkling altar of Nemelex Xobeh.
  7236 | D:7      | Got a spiked chain mail
  7247 | D:7      | Identified the cursed +0 chain mail of Context {rF+} (You found it on level 7 of the Dungeon)
  7310 | D:7      | Reached skill level 10 in Armour
  7809 | D:8      | Reached skill level 10 in Maces & Flails
  7809 | D:8      | Reached XP level 10. HP: 45/59 MP: 10/10
  7887 | D:8      | Found a stormy altar of Qazlal.
  7932 | D:8      | Noticed Grum
  7957 | D:8      | Killed Grum
  8366 | D:9      | Reached skill level 11 in Armour
  8595 | D:9      | Acquired Okawaru's second power
  9004 | D:10     | Entered Level 10 of the Dungeon
  9022 | D:10     | Reached skill level 12 in Armour
  9095 | D:10     | Reached XP level 11. HP: 46/64 MP: 11/11
  9272 | D:10     | Noticed Gastronok
  9527 | D:10     | Gained mutation: Scrolls take you a little longer to read. [mutagenic meat]
  9529 | D:10     | Gained mutation: You are somewhat resistant to further mutation. [mutagenic meat]
  9857 | D:10     | Noticed a hill giant
  9875 | D:10     | Killed a hill giant
  9875 | D:10     | Received a gift from Okawaru
 10313 | D:11     | Killed an unseen horror
 10538 | D:11     | Noticed Josephine
 10548 | D:11     | Noticed Fannar
 10795 | D:11     | Reached skill level 13 in Armour
 10808 | D:11     | Noticed a seven-headed hydra
 10817 | D:11     | Killed a seven-headed hydra
 10933 | D:11     | Found a roughly hewn altar of Beogh.
 10933 | D:11     | Found a staircase to the Orcish Mines.
 11272 | D:11     | Killed Josephine
 11313 | D:11     | Received a gift from Okawaru
 11313 | D:11     | Reached XP level 12. HP: 47/68 MP: 12/12
 11340 | D:11     | Got a translucent ring mail {god gift}
 11352 | D:11     | Identified the +3 ring mail "Nyrid" {rElec rF- rC+ Str+4} (Okawaru gifted it to you on level 11 of the Dungeon)
 11377 | D:11     | Found a staircase to the Lair.
 11474 | D:11     | Killed Fannar
 11474 | D:11     | Reached skill level 14 in Armour
 11788 | Lair:1   | Entered Level 1 of the Lair of Beasts
 12028 | Lair:1   | Identified Ceushrok's Disquisition on Hurtful Execration
 13307 | Lair:3   | Noticed a six-headed hydra
 13314 | Lair:3   | Killed a six-headed hydra
 13330 | Lair:3   | Reached skill level 15 in Armour
 13351 | Lair:3   | Reached skill level 5 in Shields
 13642 | Lair:3   | Noticed a four-headed hydra
 13649 | Lair:3   | Killed a four-headed hydra
 13649 | Lair:3   | Received a gift from Okawaru
 14308 | Lair:4   | Found a staircase to the Snake Pit.
 14316 | Lair:4   | Reached XP level 13. HP: 72/72 MP: 13/13
 14553 | Lair:4   | Noticed patman2's ghost (experienced TrMo)
 14570 | Lair:4   | Killed patman2's ghost
 14578 | Lair:4   | Reached skill level 16 in Armour
 14951 | Lair:4   | Found a dark tunnel.
 15368 | Lair:5   | Received a gift from Okawaru
 16450 | Lair:6   | Found a staircase to the Shoals.
 16739 | Lair:6   | Reached skill level 10 in Shields
 16751 | Lair:7   | Noticed Maud
 16765 | Lair:7   | Killed Maud
 16765 | Lair:7   | Received a gift from Okawaru
 16765 | Lair:7   | Reached skill level 17 in Armour
 16835 | Lair:7   | Noticed Rupert
 16853 | Lair:7   | Killed Rupert
 16853 | Lair:7   | Gained mutation: Your large and strong wings let you fly indefinitely. [Gargoyle growth]
 16853 | Lair:7   | Reached XP level 14. HP: 53/78 MP: 14/14
 17026 | Lair:7   | Received a gift from Okawaru
 17685 | Lair:8   | Entered Level 8 of the Lair of Beasts
 17920 | Lair:8   | Noticed Nessos
 17974 | Lair:8   | Killed Nessos
 17991 | Lair:8   | Reached skill level 18 in Armour
 18309 | Lair:8   | Found a viscous altar of Jiyva.
 18309 | Lair:8   | Found a staircase to the Slime Pits.
 18397 | Lair:8   | Received a gift from Okawaru
 18651 | Lair:8   | Reached XP level 15. HP: 69/82 MP: 15/15
 18908 | Lair:8   | Got an ancient turquoise ring
 18911 | Lair:8   | Identified the ring "Ahiobb" {rElec EV+2} (You found it on level 8 of the Lair of Beasts)
 19800 | D:12     | Reached skill level 19 in Armour
 20717 | D:13     | Received a gift from Okawaru
 21487 | D:10     | Killed Gastronok
 21571 | Orc:1    | Entered Level 1 of the Orcish Mines
 21597 | Orc:1    | Found Qerrorph's Jewellery Shoppe.
 21620 | Orc:1    | Bought the amulet of Gutz {rMut rPois MR+ MP+9 Dex+2} for 854 gold pieces
 21764 | Orc:1    | Found a bloodstained altar of Trog.
 22086 | Orc:2    | Found Hygap's Antique Weapon Boutique.
 22127 | Orc:2    | Found Pympaode's Antique Armour Boutique.
 22341 | Orc:2    | Found Gaid's Weapon Emporium.
 22535 | Orc:2    | Found a burning altar of Makhleb.
 22752 | Orc:4    | Entered Level 4 of the Orcish Mines
 22801 | Orc:4    | Noticed 4thArraOfDagon's ghost (powerful NaAK)
 22846 | Orc:4    | Killed 4thArraOfDagon's ghost
 22851 | Orc:4    | Found Piumui's Antique Armour Shoppe.
 23137 | Orc:4    | Noticed Raurakos's ghost (powerful VSTm)
 23139 | Orc:4    | Found Suaddec's Jewellery Emporium.
 23243 | Orc:4    | Killed Raurakos's ghost
 23419 | Orc:4    | Reached skill level 15 in Shields
 23653 | Orc:4    | Found Achuff's General Store.
 23667 | Orc:4    | Found Lex Orph's Antique Weapon Boutique.
 23809 | Orc:4    | Bought an ancient plate armour for 840 gold pieces
 23809 | Orc:4    | Bought a shimmering plate armour for 840 gold pieces
 23818 | Orc:4    | Identified the +1 plate armour of Vyab {*Confuse rPois MR+++ Dex+3} (You bought it in a shop on level 4 of the Orcish Mines)
 23820 | Orc:4    | Identified the +3 plate armour "Vekhlilia" {Str+4} (You bought it in a shop on level 4 of the Orcish Mines)
 23930 | Orc:3    | Reached XP level 16. HP: 87/87 MP: 16/16
 23999 | Orc:3    | Received a gift from Okawaru
 24305 | Orc:3    | Found a staircase to the Elven Halls.
 24312 | Orc:3    | Found Gulew's Antique Armour Shop.
 24499 | Elf:1    | Entered Level 1 of the Elven Halls
 24567 | Elf:1    | Reached skill level 20 in Armour
 25571 | Elf:1    | Received a gift from Okawaru
 26241 | Elf:1    | Identified Piym's Compendium of Excruciating Companions (You found it on level 1 of the Elven Halls)
 26324 | Elf:2    | Found a flickering gateway to a bazaar.
 26341 | Elf:2    | Received a gift from Okawaru
 26387 | Bazaar   | Entered a bazaar
 26401 | Bazaar   | Found Weanouj's Distillery.
 26409 | Bazaar   | Bought a potion of heal wounds for 40 gold pieces
 26426 | Bazaar   | Found Awirem's Jewellery Shoppe.
 26445 | Bazaar   | Found Nafikkaq's Antique Weapon Emporium.
 26466 | Bazaar   | Found Kucova's Weapon Emporium.
 26466 | Bazaar   | Found Coat's Gadget Shoppe.
 26514 | Bazaar   | Bought an ancient morningstar for 117 gold pieces
 26522 | Bazaar   | Identified the +7 morningstar "Zizijoask" {freeze, MR+ Int+3} (You bought it in a shop in a bazaar)
 26556 | Elf:2    | Found a runed gate.
 26557 | Elf:2    | Found a runed gate.
 26558 | Elf:2    | Found a runed gate.
 27155 | Elf:2    | Noticed a deep elf blademaster
 27166 | Elf:2    | Killed a deep elf blademaster
 27185 | Elf:2    | Noticed Nikola
 27227 | Elf:2    | Killed Nikola
 27227 | Elf:2    | Reached skill level 10 in Fighting
 27227 | Elf:2    | Reached skill level 21 in Armour
 27261 | Elf:2    | Reached XP level 17. HP: 62/102 MP: 17/17
 28046 | Elf:3    | Entered Level 3 of the Elven Halls
 28642 | Elf:3    | Found Xifusy's Antique Weapon Shoppe.
 28655 | Elf:3    | Got a pair of smoking boots
 28658 | Elf:3    | Identified the +3 pair of boots of Impermeability {rElec rN+ rCorr Dex-3} (You found it on level 3 of the Elven Halls)
 28989 | Elf:3    | Noticed a deep elf blademaster
 28991 | Elf:3    | Noticed a deep elf master archer
 29005 | Elf:3    | Killed a deep elf blademaster
 29010 | Elf:3    | Killed a deep elf master archer
 29036 | Elf:3    | Received a gift from Okawaru
 29059 | Elf:3    | Noticed a deep elf blademaster
 29081 | Elf:3    | Killed a deep elf blademaster
 29513 | Elf:3    | Noticed a deep elf blademaster
 29551 | Elf:3    | Killed a deep elf blademaster
 30095 | Elf:3    | Reached skill level 22 in Armour
 30127 | Elf:3    | Received a gift from Okawaru
 30129 | Elf:3    | Noticed a Hell Sentinel
 30132 | Elf:3    | Noticed a Shadow Fiend
 30133 | Elf:3    | Noticed a Shadow Fiend
 30145 | Elf:3    | Killed from afar by a Hell Sentinel

Vault maps used:
D:1:      scummos_arrival_gate, tso_altar
D:2:      nemelex_dance_club_becter, uniq_robin, uniq_jessica
D:3:      minmay_overflow_temple_star_quad, first_bread
D:4:      minmay_temple_entry_glass, serial_shops, kennysheep_mini
D:5:      fedhas_altar_2, minivault_1, led_xom_imps
D:6:      overflow_temple_1_default, serial_glass, glass_columns_a,
          glass_columns_a, glass_columns_a, glass_columns_a, trog_wizard
D:7:      nicolae_overflow_crystal_walls, kennysheep_nondescript,
          grunt_ogre_cave
D:8:      nicolae_qazlal_eye_of_the_storm, uniq_grum
D:10:     lightli_orcish_oven, uniq_gastronok
D:11:     david_lair_shrubbed, david_orc_5, uniq_fannar, uniq_josephine
D:13:     lemuel_oklob_altar
Temple:   oiseaux_autumnal_temple_12
Lair:2:   infiniplex_staircase_pool_2
Lair:4:   gammafunk_lair_enchanted_lake, guppyfry_snake_entry_garden,
          nicolae_volcano_entry_two_sided, minmay_hedge_maze
Lair:6:   elwin_shoals_entry_rocks, grunt_megastairs_2
Lair:7:   bh_autumn_forest_stairs, uniq_rupert, uniq_maud
Lair:8:   evilmike_catoblepas_cave, dpeg_slime_entry_enclosed_altar,
          minivault_24, grunt_forest_large_clearing_hut, uniq_nessos
Orc:1:    serial_shops, nicolae_shop_trees, trog_hazing_becter
Orc:2:    serial_shops, shop, nicolae_shop_crystal, shop, bloody_makhleb
Orc:3:    serial_shops, nicolae_shop_waterfront, nicolae_orc_pool_cavern,
          guppyfry_library_mini
Orc:4:    grunt_orc_gardens, grunt_orc_garden, grunt_orc_garden,
          grunt_orc_garden, grunt_orc_garden
Elf:1:    elf_arrival_001, minmay_elf_sorcery
Elf:2:    serial_shops, bzr_entry_gold, uniq_nikola
Elf:3:    minmay_elf_hall_four_x, serial_shops, shop_fountains
Bazaar:   bazaar_long_row

Action                   |  1- 3 |  4- 6 |  7- 9 | 10-12 | 13-15 | 16-18 || total
-------------------------+-------+-------+-------+-------+-------+-------++-------
Melee: Flail             |   122 |   219 |    60 |       |       |       ||   401
       Morningstar       |       |       |   505 |    24 |       |       ||   529
       Shillelagh        |       |       |       |   524 |  1055 |   715 ||  2294
       Demon whip        |       |       |       |       |    70 |       ||    70
Invok: Heroism           |       |       |       |       |     2 |     1 ||     3
 Abil: Spit Poison       |       |     4 |     2 |     2 |       |       ||     8
       Blink             |       |       |       |     1 |     2 |     1 ||     4
       Fly               |       |       |       |       |     1 |       ||     1
       Stop Flying       |       |       |       |       |     1 |       ||     1
  Use: Scroll            |     6 |     5 |    11 |     6 |    12 |     2 ||    42
       Potion            |       |     3 |     4 |     4 |     3 |     1 ||    15
 Stab: Invisible         |       |       |     1 |       |       |       ||     1
  Eat: Chunk             |     1 |     7 |    17 |    12 |     1 |       ||    38
       Bread ration      |       |       |       |     2 |     3 |     1 ||     6
       Beef jerky        |       |       |       |     1 |     1 |     2 ||     4
       Royal jelly       |       |       |       |     1 |       |       ||     1
       Meat ration       |       |       |       |       |     4 |     1 ||     5
       Pizza             |       |       |       |       |       |     3 ||     3
